| TOP OF THE 1ST |
|
Reading Phillies batting - Pitching for Pittsfield Colonials : RHP Robert Vavrock
|
|
Pitching: RHP Robert Vavrock
|
|
|
Batting: LHB George Johnson
|
0-0: Ground out 6-3 (Groundball, 6M, EV 81.3 MPH)
|
|
Batting: LHB Alex Mata
|
0-0: Called Strike 0-1: Ball 1-1: Ball 2-1: Ball 3-1: SINGLE (Line Drive, 89S, EV 91.3 MPH)
|
|
Batting: LHB Paul Hertzler
|
0-0: Foul Ball, location: 2F 0-1: Ball 1-1: Called Strike 1-2: Ball 2-2: Fly out, F5 (Line Drive, 5, EV 60.6 MPH)
|
|
Batting: RHB Paul Wirkus
|
0-0: Fielders Choice at 2nd, 6-4 (Groundball, 6, EV 105.6 MPH)
|
| Top of the 1st over - 0 runs, 1 hit, 0 errors, 1 left on base; Reading 0 - Pittsfield 0 |
| BOTTOM OF THE 1ST |
|
Pittsfield Colonials batting - Pitching for Reading Phillies : RHP Tim Burke
|
|
Pitching: RHP Tim Burke
|
|
|
Batting: SHB Steve Scafa
|
0-0: Called Strike 0-1: Called Strike 0-2: SINGLE (Line Drive, 7S, EV 110.0 MPH)
|
|
Batting: SHB Mitch Webster
|
0-0: Ball 1-0: Ball 2-0: Called Strike 2-1: Ball 3-1: Base on Balls Steve Scafa to second
|
|
Batting: RHB Shawon Dunston
|
0-0: SINGLE (Line Drive, 34D, EV 94.4 MPH) Steve Scafa to third Mitch Webster to second Runner from 3rd tries for Home, SAFE, throw by RF to home
|
|
Batting: SHB Mark Gilbert
|
0-0: Called Strike 0-1: Ball 1-1: Ball 2-1: Ball 3-1: Base on Balls Mitch Webster to third Shawon Dunston to second
|
|
Batting: RHB Mike Brewer
|
0-0: Swinging Strike 0-1: Ball 1-1: Swinging Strike 1-2: Ball 2-2: Ball 3-2: Strikes out swinging
|
|
Batting: LHB Armando Ortiz
|
0-0: Ball 1-0: Foul Ball, location: 2F 1-1: Fly out, F6 (Popup, 6M, EV 66.3 MPH)
|
|
Batting: RHB Steven Ramler
|
0-0: Ball 1-0: Ball 2-0: Reached on error, E6 (Popup, 6S, EV 81.9 MPH) Mitch Webster scores Shawon Dunston to third Mark Gilbert to second
|
|
Batting: SHB David Enos
|
0-0: Ball 1-0: Called Strike 1-1: Swinging Strike 1-2: Ball 2-2: Strikes out looking
|
| Bottom of the 1st over - 2 runs, 2 hits, 1 error, 3 left on base; Reading 0 - Pittsfield 2 |
| TOP OF THE 2ND |
|
Reading Phillies batting - Pitching for Pittsfield Colonials : RHP Robert Vavrock
|
|
Batting: LHB Pedro Rabassa
|
0-0: Called Strike 0-1: Ground out 4-3 (Groundball, 4, EV 83.1 MPH)
|
|
Batting: LHB Martino Martin
|
0-0: Foul Ball, location: 2F 0-1: Swinging Strike 0-2: Foul Ball, location: 2F 0-2: Ball 1-2: Ball 2-2: Ball 3-2: DOUBLE (Line Drive, 89D, EV 101.3 MPH)
|
|
Batting: SHB Doug Baker
|
0-0: Foul Ball, location: 2F 0-1: Called Strike 0-2: Foul Ball, location: 2F 0-2: Foul Ball, location: 2F 0-2: Ball 1-2: Strikes out looking
|
|
Batting: RHB Mark Sproesser
|
0-0: Foul Ball, location: 2F 0-1: Foul Ball, location: 2F 0-2: Ball 1-2: Ball 2-2: Foul Ball, location: 2F 2-2: Foul Ball, location: 2F 2-2: Ground out 3-1 (Groundball, 34, EV 109.4 MPH)
|
| Top of the 2nd over - 0 runs, 1 hit, 0 errors, 1 left on base; Reading 0 - Pittsfield 2 |
| BOTTOM OF THE 2ND |
|
Pittsfield Colonials batting - Pitching for Reading Phillies : RHP Tim Burke
|
|
Batting: RHB Juan Castro
|
0-0: Called Strike 0-1: Ground out 4-3 (Groundball, 4, EV 78.1 MPH)
|
|
Batting: SHB Steve Scafa
|
0-0: SINGLE (Groundball, 56D, EV 87.5 MPH) (infield hit)
|
|
Batting: SHB Mitch Webster
|
0-0: Foul Ball, location: 2F 0-1: Ball Steve Scafa steals 2nd base 1-1: Foul Ball, location: 2F 1-2: Ground out 6-3 (Groundball, 6S, EV 86.3 MPH) Steve Scafa to third
|
|
Batting: RHB Shawon Dunston
|
0-0: Swinging Strike 0-1: SINGLE (Line Drive, 56D, EV 100.0 MPH) Steve Scafa scores
|
|
Batting: SHB Mark Gilbert
|
0-0: Ground out 4-3 (Groundball, 4, EV 85.6 MPH)
|
| Bottom of the 2nd over - 1 run, 2 hits, 0 errors, 1 left on base; Reading 0 - Pittsfield 3 |
| TOP OF THE 3RD |
|
Reading Phillies batting - Pitching for Pittsfield Colonials : RHP Robert Vavrock
|
|
Batting: RHB Greg Dahl
|
0-0: Ground out 4-3 (Groundball, 4, EV 85.6 MPH)
|
|
Batting: LHB George Johnson
|
0-0: Ball 1-0: Swinging Strike 1-1: Called Strike 1-2: Strikes out looking
|
|
Batting: LHB Alex Mata
|
0-0: Called Strike 0-1: Ball 1-1: Ball 2-1: Ball 3-1: Foul Ball, location: 2F 3-2: Strikes out swinging
|
| Top of the 3rd over - 0 runs, 0 hits, 0 errors, 0 left on base; Reading 0 - Pittsfield 3 |
| BOTTOM OF THE 3RD |
|
Pittsfield Colonials batting - Pitching for Reading Phillies : RHP Tim Burke
|
|
Batting: RHB Mike Brewer
|
0-0: Ball 1-0: Ball 2-0: Ball 3-0: Called Strike 3-1: SINGLE (Line Drive, 8RS, EV 106.9 MPH)
|
|
Batting: LHB Armando Ortiz
|
0-0: Ball 1-0: SINGLE (Groundball, 34D, EV 98.1 MPH) Mike Brewer to second Runner from 2nd tries for 3rd, SAFE, throw by RF made to third
|
|
Batting: RHB Steven Ramler
|
0-0: Ball 1-0: Foul Ball, location: 2F 1-1: Ball 2-1: Foul Ball, location: 2F 2-2: Foul Ball, location: 2F 2-2: Fly out, F8 (Line Drive, 8LM, EV 91.9 MPH) Runner from 3rd tags up, SCORES, throw by CF
|
|
Batting: SHB David Enos
|
0-0: Foul Ball, location: 2F 0-1: Ball 1-1: Ball 2-1: Swinging Strike 2-2: Foul Ball, location: 2F 2-2: Strikes out swinging
|
|
Batting: RHB Juan Castro
|
0-0: Swinging Strike 0-1: Called Strike 0-2: Ball 1-2: Foul Ball, location: 2F 1-2: Foul Ball, location: 2F 1-2: Ball 2-2: Ball 3-2: Strikes out swinging
|
| Bottom of the 3rd over - 1 run, 2 hits, 0 errors, 1 left on base; Reading 0 - Pittsfield 4 |
| TOP OF THE 4TH |
|
Reading Phillies batting - Pitching for Pittsfield Colonials : RHP Robert Vavrock
|
|
Batting: LHB Paul Hertzler
|
0-0: Ball 1-0: Ball 2-0: Swinging Strike 2-1: Ball 3-1: Foul Ball, location: 2F 3-2: Strikes out swinging
|
|
Batting: RHB Paul Wirkus
|
0-0: Ball 1-0: Ball 2-0: Ball 3-0: Called Strike 3-1: Base on Balls
|
|
Batting: LHB Pedro Rabassa
|
0-0: Ball 1-0: Ball 2-0: Called Strike 2-1: Ball 3-1: Base on Balls Paul Wirkus to second
|
|
Batting: LHB Martino Martin
|
0-0: Foul Ball, location: 2F 0-1: Fly out, F9 (Flyball, 89M, EV 88.8 MPH)
|
|
Batting: SHB Doug Baker
|
0-0: Called Strike 0-1: Ball 1-1: Ball 2-1: SINGLE (Line Drive, 4D, EV 106.9 MPH) Paul Wirkus to third Pedro Rabassa to second
|
|
Batting: RHB Mark Sproesser
|
0-0: Called Strike 0-1: Ball 1-1: Foul Ball, location: 2F 1-2: Ball 2-2: Ball 3-2: Fly out, F4 (Line Drive, 4, EV 64.4 MPH)
|
| Top of the 4th over - 0 runs, 1 hit, 0 errors, 3 left on base; Reading 0 - Pittsfield 4 |
| BOTTOM OF THE 4TH |
|
Pittsfield Colonials batting - Pitching for Reading Phillies : RHP Tim Burke
|
|
Batting: SHB Steve Scafa
|
0-0: Ball 1-0: Called Strike 1-1: Ball 2-1: Called Strike 2-2: Ball 3-2: Foul Ball, location: 2F 3-2: Base on Balls
|
|
Batting: SHB Mitch Webster
|
0-0: Foul Ball, location: 2F 0-1: Ball 1-1: SINGLE (Line Drive, 4D, EV 101.3 MPH) Steve Scafa to second
|
|
Batting: RHB Shawon Dunston
|
0-0: Called Strike 0-1: Fielders Choice at 2nd, 5-4 (Groundball, 56, EV 81.9 MPH) Steve Scafa to third
|
|
Batting: SHB Mark Gilbert
|
0-0: Called Strike 0-1: Fly out, F4 (Flyball, 4D, EV 81.9 MPH)
|
|
Batting: RHB Mike Brewer
|
0-0: Foul Ball, location: 2F 0-1: Swinging Strike 0-2: Ball 1-2: Ball 2-2: Strikes out swinging
|
| Bottom of the 4th over - 0 runs, 1 hit, 0 errors, 2 left on base; Reading 0 - Pittsfield 4 |
| TOP OF THE 5TH |
|
Reading Phillies batting - Pitching for Pittsfield Colonials : RHP Robert Vavrock
|
|
Batting: RHB Greg Dahl
|
0-0: Ball 1-0: Fly out, F8 (Flyball, 8RD, EV 82.5 MPH)
|
|
Batting: LHB George Johnson
|
0-0: Called Strike 0-1: Ball 1-1: Foul Ball, location: 2F 1-2: Fly out, F9 (Line Drive, 9, EV 100.0 MPH)
|
|
Batting: LHB Alex Mata
|
0-0: SINGLE (Line Drive, 9S, EV 106.9 MPH)
|
|
Batting: LHB Paul Hertzler
|
0-0: Ball 1-0: Ball Wild Pitch! Alex Mata to second 2-0: Foul Ball, location: 2F 2-1: Reached via error on a dropped throw from 1B, E1 (Groundball, 34, EV 103.1 MPH) Alex Mata to third
|
|
Batting: RHB Paul Wirkus
|
0-0: Foul Ball, location: 2F 0-1: Foul Ball, location: 2F 0-2: Fly out, F9 (Flyball, 9LM, EV 88.1 MPH)
|
| Top of the 5th over - 0 runs, 1 hit, 1 error, 2 left on base; Reading 0 - Pittsfield 4 |
| BOTTOM OF THE 5TH |
|
Pittsfield Colonials batting - Pitching for Reading Phillies : RHP Tim Burke
|
|
Batting: LHB Armando Ortiz
|
0-0: Called Strike 0-1: Ball 1-1: Foul Ball, location: 2F 1-2: Strikes out looking
|
|
Batting: RHB Steven Ramler
|
0-0: Called Strike 0-1: Foul Ball, location: 2F 0-2: Strikes out swinging
|
|
Batting: SHB David Enos
|
0-0: Foul Ball, location: 2F 0-1: Ball 1-1: Foul Ball, location: 2F 1-2: Foul Ball, location: 2F 1-2: Ball 2-2: Fly out, F7 (Flyball, 7, EV 79.4 MPH)
|
| Bottom of the 5th over - 0 runs, 0 hits, 0 errors, 0 left on base; Reading 0 - Pittsfield 4 |
| TOP OF THE 6TH |
|
Reading Phillies batting - Pitching for Pittsfield Colonials : RHP Robert Vavrock
|
|
Batting: LHB Pedro Rabassa
|
0-0: Ball 1-0: Called Strike 1-1: Swinging Strike 1-2: Foul Ball, location: 2F 1-2: Ground out 4-3 (Groundball, 4, EV 85.0 MPH)
|
|
Batting: LHB Martino Martin
|
0-0: Fly out, F7 (Flyball, 7S, EV 93.1 MPH)
|
|
Batting: SHB Doug Baker
|
0-0: Swinging Strike 0-1: Ground out 4-3 (Groundball, 34D, EV 96.9 MPH)
|
| Top of the 6th over - 0 runs, 0 hits, 0 errors, 0 left on base; Reading 0 - Pittsfield 4 |
| BOTTOM OF THE 6TH |
|
Pittsfield Colonials batting - Pitching for Reading Phillies : RHP Tim Burke
|
|
Batting: RHB Juan Castro
|
0-0: Called Strike 0-1: Foul Ball, location: 2F 0-2: Ball 1-2: Ball 2-2: Foul Ball, location: 2F 2-2: Strikes out swinging
|
|
Batting: SHB Steve Scafa
|
0-0: Ball 1-0: Foul Ball, location: 2F 1-1: Ball 2-1: Ball 3-1: DOUBLE (Line Drive, 78D, EV 109.4 MPH)
|
|
Batting: SHB Mitch Webster
|
0-0: Called Strike 0-1: Ball 1-1: Foul Ball, location: 2F 1-2: Fly out, F8 (Line Drive, 8LM, EV 92.5 MPH)
|
|
Batting: RHB Shawon Dunston
|
0-0: Fly out, F3 (Line Drive, 3, EV 71.3 MPH)
|
| Bottom of the 6th over - 0 runs, 1 hit, 0 errors, 1 left on base; Reading 0 - Pittsfield 4 |
| TOP OF THE 7TH |
|
Reading Phillies batting - Pitching for Pittsfield Colonials : RHP Robert Vavrock
|
|
Batting: RHB Mark Sproesser
|
0-0: Ball 1-0: Called Strike 1-1: Ball 2-1: Ball 3-1: Base on Balls
|
|
Batting: RHB Greg Dahl
|
0-0: Called Strike 0-1: Swinging Strike 0-2: Ball Passed Ball! Mark Sproesser to second 1-2: DOUBLE (Line Drive, 78D, EV 106.9 MPH) Mark Sproesser scores
|
|
Batting: LHB George Johnson
|
0-0: Swinging Strike 0-1: Ball 1-1: Ball 2-1: Foul Ball, location: 2F 2-2: Fly out, F7 (Flyball, 7LM, EV 96.9 MPH)
|
|
Pitching: RHP Dwight Lewis
|
|
|
Batting: LHB Alex Mata
|
0-0: Ball Greg Dahl steals 3rd base 1-0: Called Strike 1-1: Swinging Strike 1-2: Strikes out swinging
|
|
Batting: LHB Paul Hertzler
|
0-0: Called Strike 0-1: Ball 1-1: SINGLE (Line Drive, 7LM, EV 105.0 MPH) Greg Dahl scores
|
|
Batting: RHB Paul Wirkus
|
0-0: Called Strike 0-1: Ball 1-1: Ground out 4-3 (Groundball, 34, EV 87.5 MPH)
|
| Top of the 7th over - 2 runs, 2 hits, 0 errors, 1 left on base; Reading 2 - Pittsfield 4 |
| BOTTOM OF THE 7TH |
|
Pittsfield Colonials batting - Pitching for Reading Phillies : RHP Tim Burke
|
|
Batting: SHB Mark Gilbert
|
0-0: Swinging Strike 0-1: Foul Ball, location: 2F 0-2: Ball 1-2: Foul Ball, location: 2F 1-2: Foul Ball, location: 2F 1-2: Ball 2-2: Ball 3-2: Foul Ball, location: 2F 3-2: Base on Balls
|
|
Batting: RHB Mike Brewer
|
0-0: Ball 1-0: Foul Ball, location: 2F 1-1: Foul Ball, location: 2F 1-2: Ball 2-2: Fly out, F9 (Flyball, 89S, EV 95.6 MPH)
|
|
Batting: LHB Armando Ortiz
|
0-0: Ball 1-0: Ball 2-0: Fly out, F7 (Line Drive, 7, EV 105.6 MPH)
|
|
Batting: RHB Steven Ramler
|
0-0: Fly out, F6 (Popup, 6MS, EV 60.6 MPH)
|
| Bottom of the 7th over - 0 runs, 0 hits, 0 errors, 1 left on base; Reading 2 - Pittsfield 4 |
| TOP OF THE 8TH |
|
Reading Phillies batting - Pitching for Pittsfield Colonials : RHP Dwight Lewis
|
|
Batting: LHB Pedro Rabassa
|
0-0: Ball 1-0: Foul Ball, location: 2F 1-1: Ball 2-1: SOLO HOME RUN (Flyball, 9D, EV 92.5 MPH), Distance : 362 ft
|
|
Batting: LHB Martino Martin
|
0-0: Called Strike 0-1: SINGLE (Line Drive, 89D, EV 106.9 MPH)
|
|
Pitching: RHP Rickey Keeton
|
|
|
Batting: SHB Doug Baker
|
0-0: Ball 1-0: Bunted foul 1-1: Bunted foul 1-2: Ball 2-2: Strikes out swinging
|
|
Pinch Hitting: LHB Jerald Hammermeister
|
0-0: Foul Ball, location: 2F 0-1: Ball 1-1: Ball 2-1: Foul Ball, location: 2F 2-2: Ball 3-2: Ground out 4-3 (Groundball, 34S, EV 83.8 MPH) Martino Martin to second
|
|
Batting: RHB Greg Dahl
|
0-0: Ball Wild Pitch! Martino Martin to third 1-0: Ground out 4-3 (Groundball, 13, EV 88.1 MPH)
|
| Top of the 8th over - 1 run, 2 hits, 0 errors, 1 left on base; Reading 3 - Pittsfield 4 |
| BOTTOM OF THE 8TH |
|
Pittsfield Colonials batting - Pitching for Reading Phillies : RHP Tim Burke
|
|
Now at 3B: Jerald Hammermeister
|
|
|
Batting: SHB David Enos
|
0-0: Ball 1-0: Called Strike 1-1: Ball 2-1: Ball 3-1: Fly out, F8 (Flyball, 8LS, EV 84.4 MPH)
|
|
Batting: RHB Juan Castro
|
0-0: Called Strike 0-1: Ball 1-1: Fly out, F8 (Line Drive, 8RD, EV 98.1 MPH)
|
|
Batting: SHB Steve Scafa
|
0-0: Foul Ball, location: 2F 0-1: Ball 1-1: Fly out, F6 (Popup, 6, EV 76.3 MPH)
|
| Bottom of the 8th over - 0 runs, 0 hits, 0 errors, 0 left on base; Reading 3 - Pittsfield 4 |
| TOP OF THE 9TH |
|
Reading Phillies batting - Pitching for Pittsfield Colonials : RHP Rickey Keeton
|
|
Pitching: LHP Newt Box
|
|
|
Now at 2B: Fernando Marin
|
|
|
Pinch Hitting: RHB Ricardo Rivera
|
0-0: Called Strike 0-1: Foul Ball, location: 2F 0-2: Hit by Pitch
|
|
Batting: LHB Alex Mata
|
0-0: Bunt - Flyout to 13S! F1
|
|
Batting: LHB Paul Hertzler
|
0-0: Called Strike 0-1: Ball 1-1: Fly out, F9 (Flyball, 9, EV 93.1 MPH)
|
|
Batting: RHB Paul Wirkus
|
0-0: Ball Wild Pitch! Ricardo Rivera to second 1-0: Foul Ball, location: 2F 1-1: Foul Ball, location: 2F 1-2: Ball 2-2: Ground out 5-3 (Groundball, 56, EV 80.6 MPH)
|
| Top of the 9th over - 0 runs, 0 hits, 0 errors, 1 left on base; Reading 3 - Pittsfield 4 |
|